 Dungeon Crawl Stone Soup version 0.22.1-2-g9c5b331383 (webtiles) character file.

9226 Gargoyl the Protected (level 11, 0/91 HPs)
             Began as a Centaur Abyssal Knight on Nov 23, 2018.
             Was a High Priest of Lugonu.
             Slain by an orc warrior
             ... wielding a +0 glaive
              (15 damage)
             ... on level 10 of the Dungeon on Nov 24, 2018.
             The game lasted 00:20:19 (11699 turns).

Gargoyl the Protected (Centaur Abyssal Knight)     Turns: 11699, Time: 00:20:20

Health: 0/91       AC: 15    Str: 23    XL:     11   Next: 20%
Magic:  17/17      EV:  5    Int: 13    God:    Lugonu [*****.]
Gold:   568        SH:  4    Dex: 10    Spells: 10/10 levels left

rFire    x . .     SeeInvis .   v - +8 falchion of Power {elec, +Fly MR+ Int+2}
rCold    + . .     Gourm    .   n - +0 buckler
rNeg     + . .     Faith    .   e - +0 plate armour of Hilluxo {rF- rC+ rN+}
rPois    .         Spirit   .   (no helmet)
rElec    .         Reflect  .   C - +1 cloak "Uschugudgh" {Regen+ Str+6}
rCorr    .         Harm     .   u - +0 pair of gloves
MR       +....                  (no barding)
Stlth    ..........             (no amulet)
HPRegen  0.65/turn              (no ring)
MPRegen  0.15/turn              (no ring)

@: very quick
A: large, hooves 3, deformed body, speed 2, tough skin 3
a: Depart the Abyss, Bend Space, Banish, Corrupt, Enter the Abyss, Renounce
Religion, Evoke Flight


You were on level 10 of the Dungeon.
You worshipped Lugonu.
Lugonu was extremely pleased with you.
You were not hungry.

You visited 1 branch of the dungeon, and saw 10 of its levels.
You visited the Abyss 1 time.

You collected 568 gold pieces.

Inventory:

Hand Weapons
 a - a +2 hand axe
 g - a +4 hand axe of electrocution
 q - a +0 broad axe
 v - the +8 falchion of Power (weapon) {elec, +Fly MR+ Int+2}
   (You found it on level 8 of the Dungeon)

   Occasionally, upon striking a foe, it will discharge some electrical energy
   and cause terrible harm.
   It affects your intelligence (+2).
   It affects your resistance to hostile enchantments.
   It lets you fly.
 D - the +10 glaive "Ystroeptosm" {holy, rPois rF+, unknown}
   (You took it off an orc warrior on level 9 of the Dungeon)

   It has been blessed by the Shining One to cause great damage to the undead
   and demons.
   It protects you from fire.
   It protects you from poison.
Missiles
 j - 3 silver tomahawks (quivered)
 m - 10 tomahawks
Armour
 e - the +0 plate armour of Hilluxo (worn) {rF- rC+ rN+}
   (You found it on level 3 of the Abyss)

   It makes you vulnerable to fire.
   It protects you from cold.
   It protects you from negative energy.
 n - a +0 buckler (worn)
 u - a +0 pair of gloves (worn)
 A - the +1 hat "Vujas" {rElec MP+9 Str-2 Dex+5}
   (You found it on level 9 of the Dungeon)

   It affects your strength (-2).
   It affects your dexterity (+5).
   It insulates you from electricity.
   It affects your magic capacity (+9).
 C - the +1 cloak "Uschugudgh" (worn) {Regen+ Str+6}
   (You found it on level 9 of the Dungeon)

   It affects your strength (+6).
   It increases your rate of regeneration.
 E - the +9 plate armour of the Lair of Beasts {rPois Int+2 Dex-2}
   (You took it off an orc warrior on level 9 of the Dungeon)

   It affects your intelligence (+2).
   It affects your dexterity (-2).
   It protects you from poison.
Wands
 t - a wand of polymorph (8)
 x - a wand of random effects (19)
 y - a wand of iceblast (15)
 z - a wand of disintegration (18)
Scrolls
 f - a scroll of fog
 i - a scroll of identify
 w - 3 scrolls of teleportation
 B - 2 scrolls of fear
 F - a scroll of magic mapping
 G - a scroll of remove curse
Potions
 b - 2 potions of haste
 h - 2 potions of lignification
 k - 4 potions of curing
 l - 4 potions of heal wounds
 o - 2 potions of flight {unknown}
 p - 2 potions of might {unknown}
 r - 2 potions of resistance {unknown}
 s - a potion of invisibility {unknown}
 H - a potion of berserk rage {unknown}
Comestibles
 c - 9 rations
 d - 6 chunks of flesh


   Skills:
 + Level 6.6 Fighting
 + Level 5.1 Long Blades
 + Level 6.6 Axes
   Level 0.2(4.1) Maces & Flails
 + Level 0.2 Throwing
 * Level 8.8 Armour
 + Level 1.0 Dodging
 + Level 2.3 Shields
 * Level 8.2 Invocations


You had 10 spell levels left.
You didn't know any spells.
Your spell library contained the following spells:

 Spells                   Type           Power        Failure   Level  Hunger
 Summon Small Mammal      Summ           #...         99%         1    ##.....
 Call Imp                 Summ           #.......     99%         2    ###....
 Call Canine Familiar     Summ           #.......     100%        3    ####...
 Summon Guardian Golem    Hex/Summ       #.......     100%        3    ####...
 Summon Ice Beast         Ice/Summ       #.......     100%        4    #####..
 Summon Lightning Spire   Summ/Air       #.......     100%        4    #####..


Dungeon Overview and Level Annotations

Branches:
Dungeon (10/15)            Temple (0/1) D:4
   Lair: D:8-11         Orc: D:9-12

Altars:
Fedhas
Gozag
Makhleb
Nemelex Xobeh
Qazlal
Vehumet
Xom
Beogh


Innate Abilities, Weirdness & Mutations

You have hooves in place of feet.
Armour fits poorly on your strangely shaped body.
You cover ground very quickly.
You have extremely tough skin. (AC +3)


Message History

An orc comes into view. It is wielding a short sword.
Something hits you.
Unknown command.
The orc shouts!
You hit the orc warrior. Your kick misses the orc warrior.
The orc warrior is severely wounded.
Something hits you!
The orc warrior hits you from afar with a glaive!!
The orc warrior hits you with a long sword!
Something hits you!
The orc priest miscasts a cantrip.
Your plate armour of Hilluxo prevents you from hitting the orc warrior.
The orc warrior is severely wounded.
Something hits you but does no damage. Something hits you!
* * * LOW HITPOINT WARNING * * *
The orc warrior hits you with a long sword!
* * * LOW HITPOINT WARNING * * *
Something hits you but does no damage.
The orc warrior hits you from afar with a glaive!
You die... #.$..$....# #..... #...o$...$ #..... #.....o.$ +..... $Ooo.o. #..... ooooo #..... ooo

#...). #o##
###### #o{#
#
####@#######
##
#..........#
#.
#..........#
#.
#(.........+
###)
#..........#
#.))
#..........#
#...
#..........#
#...
#..........#
+...
#..........#
#...


You could see 2 orc warriors, an ogre, an orc priest and 7 orcs.

Vanquished Creatures
  A two-headed ogre (D:10)
  The ghost of ZanderDzel the Covert, a novice HaAs of Dithmenos (D:10)
  The ghost of Freitmort the Thaumaturge, a novice DECj of Vehumet (D:9)
  An unseen horror (D:10)
  Pikel (D:9)
  An ugly thing (D:9)
  A manticore (D:10)
  The ghost of gre3edy the Vexing, a novice DsEn (D:5)
  A hornet (D:9)
  A hippogriff (D:8)
  A wyvern (D:8)
  A steam dragon (D:10)
  A warg (D:9)
  2 hungry ghosts
  2 sky beasts
  An ice beast (D:6)
  3 orc warriors
  A black bear (D:7)
  2 phantoms
  7 ogres
  A centaur (D:5)
  A big kobold (D:7)
  9 bullfrogs
  2 scorpions
  A wyvern skeleton (D:5)
  2 vampire bats (D:3)
  5 wights
  5 crimson imps
  2 bullfrog zombies
  A centaur zombie (D:7)
  4 hounds
  2 centaur skeletons
  A bullfrog skeleton (D:8)
  A jelly (D:4)
  5 orc wizards
  7 orc priests
  7 iguanas
  7 worker ants
  A killer bee zombie (D:6)
  A hound skeleton (D:6)
  19 adders
  11 gnolls
  2 shadow imps
  4 oozes
  2 adder zombies
  3 worms
  2 dart slugs
  A leopard gecko (D:5)
  44 orcs
  13 bats
  7 giant cockroaches
  10 goblins
  10 hobgoblins
  10 jackals
  3 quokkas
  10 ball pythons
  6 frilled lizards
  A jackal skeleton (D:5)
  2 jackal zombies
  12 kobolds
  A quokka skeleton (D:5)
  8 rats
  4 plants (D:9)
281 creatures vanquished.

Vanquished Creatures (others)
  An orc warrior (D:8)
  2 slaves (D:9)
  A black bear (D:9)
  A gnoll sergeant (D:6)
  2 oklob saplings (D:9)
  A jelly (D:9)
  2 gnolls (D:6)
  A bush (D:9)
  A plant (D:9)
12 creatures vanquished.

Grand Total: 293 creatures vanquished

Notes
Turn   | Place    | Note
-------+----------+-------------------------------------------
     0 | Abyss:1  | Gargoyl the Centaur Abyssal Knight began the quest for the
                  | Orb.
     0 | Abyss:1  | Reached XP level 1. HP: 19/19 MP: 2/2
    52 | Abyss:2  | Noticed a small abomination
    53 | Abyss:2  | Noticed an iron imp
    60 | Abyss:2  | Noticed a large abomination
    63 | Abyss:2  | Noticed a large abomination
    84 | Abyss:2  | Noticed a small abomination
   105 | Abyss:3  | Noticed a rakshasa
   107 | Abyss:3  | Got a heavily runed plate armour
   108 | D:1      | Escaped the Abyss
   119 | D:1      | Identified the cursed +0 plate armour of Hilluxo {rF- rC+
                  | rN+} (You found it on level 3 of the Abyss)
   249 | D:1      | Reached XP level 2. HP: 24/26 MP: 3/3
   312 | D:1      | Reached * piety under Lugonu
   638 | D:1      | Reached XP level 3. HP: 29/31 MP: 4/4
  1319 | D:2      | Reached XP level 4. HP: 34/40 MP: 6/6
  1638 | D:2      | Reached ** piety under Lugonu
  2188 | D:3      | Reached XP level 5. HP: 44/46 MP: 7/7
  2678 | D:3      | Reached XP level 6. HP: 27/52 MP: 8/8
  2942 | D:3      | Reached *** piety under Lugonu
  3727 | D:4      | Got a warped mace
  3728 | D:4      | Identified the +4 mace of Zocies {elec, Int+2} (You found
                  | it on level 4 of the Dungeon)
  4039 | D:4      | Reached XP level 7. HP: 54/60 MP: 9/9
  4318 | D:4      | Found a staircase to the Ecumenical Temple.
  4578 | D:5      | Entered Level 5 of the Dungeon
  4633 | D:5      | Found a transporter.
  4633 | D:5      | Noticed gre3edy's ghost (novice DsEn)
  4639 | D:5      | Found a transporter.
  4641 | D:5      | Found an opulent altar of Gozag.
  4854 | D:5      | Reached **** piety under Lugonu
  4854 | D:5      | Reached skill level 1 in Shields
  5203 | D:5      | Noticed a hungry ghost
  5218 | D:5      | Killed a hungry ghost
  5218 | D:5      | Reached XP level 8. HP: 66/67 MP: 11/11
  5594 | D:6      | Reached skill level 5 in Armour
  5765 | D:6      | Reached skill level 5 in Axes
  6140 | D:6      | Reached skill level 5 in Fighting
  6146 | D:6      | Reached skill level 5 in Invocations
  6427 | D:6      | Found a sparkling altar of Nemelex Xobeh.
  6764 | D:6      | Reached XP level 9. HP: 74/74 MP: 13/13
  8067 | D:8      | Got a bloodstained falchion
  8074 | D:8      | Identified the +8 falchion of Power {elec, +Fly MR+ Int+2}
                  | (You found it on level 8 of the Dungeon)
  8087 | D:8      | Found a stormy altar of Qazlal.
  8455 | D:8      | Reached skill level 1 in Long Blades
  8672 | D:9      | Reached XP level 10. HP: 83/83 MP: 15/15
  8679 | D:9      | Reached ***** piety under Lugonu
  8687 | D:9      | Found a runed gate.
  8687 | D:9      | Found a runed gate.
  8688 | D:9      | Found a runed gate.
  8689 | D:9      | Noticed Freitmort's ghost (novice DECj)
  8726 | D:9      | Found a shimmering altar of Xom.
  8743 | D:9      | Got a brightly glowing hat
  8749 | D:9      | Identified the +1 hat "Vujas" {rElec MP+9 Str-2 Dex+5} (You
                  | found it on level 9 of the Dungeon)
  8883 | D:9      | Noticed Pikel
  8899 | D:9      | Killed Pikel
  9218 | D:9      | Got a faintly humming cloak
  9229 | D:9      | Identified the +1 cloak "Uschugudgh" {Regen+ Str+6} (You
                  | found it on level 9 of the Dungeon)
  9232 | D:9      | Noticed a white ugly thing
  9241 | D:9      | Killed a white ugly thing
  9366 | D:9      | Found a burning altar of Makhleb.
  9366 | D:9      | Found a radiant altar of Vehumet.
  9482 | D:9      | Found a blossoming altar of Fedhas.
  9575 | D:9      | Paralysed by a hornet for 3 turns
  9972 | D:5      | Killed gre3edy's ghost
 10350 | D:9      | Killed Freitmort's ghost
 10420 | D:9      | Found a roughly hewn altar of Beogh.
 10556 | D:9      | Got an encrusted glaive {holy}
 10556 | D:9      | Got a heavily runed plate armour
 10579 | D:9      | Got an encrusted cloak
 10590 | D:9      | Identified the cursed +0 cloak of the Purple Skies {rElec
                  | rN+ rCorr Str-5} (You found it on level 9 of the Dungeon)
 10668 | D:10     | Entered Level 10 of the Dungeon
 11367 | D:10     | Found a runed door.
 11370 | D:10     | Noticed ZanderDzel's ghost (novice HaAs)
 11371 | D:10     | Noticed a manticore
 11406 | D:10     | Killed ZanderDzel's ghost
 11406 | D:10     | Reached XP level 11. HP: 85/91 MP: 16/16
 11493 | D:10     | Identified the +9 plate armour of the Lair of Beasts {rPois
                  | Int+2 Dex-2} (You took it off an orc warrior on level 9 of
                  | the Dungeon)
 11601 | D:10     | Killed an unseen horror
 11601 | D:10     | Reached skill level 1 in Dodging
 11620 | D:10     | Noticed a two-headed ogre
 11625 | D:10     | Killed a two-headed ogre
 11625 | D:10     | Reached skill level 5 in Long Blades
 11699 | D:10     | Slain by an orc warrior

Skill      XL: |  1  2  3  4  5  6  7  8  9 10 11 |
---------------+----------------------------------+-----
Axes           | 2 3 4 5 6 |  6.6
Armour         | 2 3 4 5 7 8 |  8.8
Fighting       | 4 5 6 |  6.6
Invocations    | 3 4 5 6 7 8 |  8.2
Shields        | 1 2 |  2.3
Long Blades    | 1 4 5 |  5.1
Dodging        | 1 |  1.0
Maces & Flails | |  0.2
Throwing       | |  0.2

Action                   |  1- 3 |  4- 6 |  7- 9 | 10-12 || total
-------------------------+-------+-------+-------+-------++-------
Melee: Hand axe          |   106 |   227 |   280 |       ||   613
       Kick              |    19 |    45 |    77 |    63 ||   204
       Mace              |       |    11 |       |       ||    11
       Falchion          |       |       |    37 |   266 ||   303
Throw: Tomahawk          |       |       |     2 |     1 ||     3
Invok: Depart the Abyss  |     1 |       |       |       ||     1
       Banish            |       |       |     3 |     3 ||     6
       Bend Space        |       |       |     1 |       ||     1
  Use: Scroll            |     3 |     6 |     7 |     1 ||    17
       Potion            |       |     2 |       |       ||     2
  Eat: Chunk             |       |     8 |    11 |     6 ||    25
       Ration            |       |       |     4 |     1 ||     5
Armor: Plate armour      |   108 |   295 |   196 |   236 ||   835
Dodge: Dodged            |    10 |    24 |    43 |    41 ||   118
Block: Buckler           |       |    22 |    35 |    47 ||   104
       Rpst.: Falchion   |       |       |     1 |    11 ||    12
